 Dungeon Crawl Stone Soup version 0.30-a0-867-g305f33218d (webtiles) character file.

Game seed: 9977089949404121403

81 nooxmaroon the Chopper (level 4, 0/40 HPs)
             Began as a Minotaur Berserker on Mar 10, 2023.
             Was a Believer of Trog.
             Splashed by a jelly's acid (3 damage)
             ... on level 3 of the Dungeon.
             The game lasted 00:11:10 (1865 turns).

nooxmaroon the Chopper (Minotaur Berserker)         Turns: 1865, Time: 00:11:10

Health: 0/40       AC: -3    Str: 24    XL:     4   Next: 19%
Magic:  3/3        EV: 10    Int:  4    God:    Trog [**....]
Gold:   101        SH:  0    Dex:  9    Spells: 3/3 levels left

rFire   . . .      SeeInvis .    a - +0 hand axe
rCold   . . .      Faith    .    (no shield)
rNeg    . . .      Spirit   .    l - +0 scale mail
rPois   .          Reflect  .    h - +2 hat
rElec   .          Rampage  .    (no cloak)
rCorr   .                        (no gloves)
Will    .....                    (no boots) Stlth
                                 (no amulet)
HPRegen 0.26/turn                (no ring)
MPRegen 0.08/turn                (no ring)

@: corroded
A: horns 2, retaliatory headbutt
a: Renounce Religion, Berserk, Trog's Hand


You were on level 3 of the Dungeon.
You worshipped Trog.
Trog was pleased with you.
You visited 1 branch of the dungeon, and saw 3 of its levels.

You collected 101 gold pieces.

Inventory:

Hand Weapons
 a - a +0 hand axe (weapon)
Missiles
 f - 7 poisoned darts (quivered)
Armour
 h - a +2 hat (worn)
 l - a +0 scale mail (worn)
Scrolls
 c - 2 scrolls of identify
 i - a scroll of acquirement {unknown}
 j - a scroll of torment {unknown}
 k - a scroll of blinking {unknown}
Potions
 b - a potion of curing {unknown}
 d - a potion of brilliance {unknown}
 e - a potion of ambrosia
 g - 2 potions of mutation {unknown}


   Skills:
 - Level 3.8 Fighting
 + Level 5.7 Axes
 - Level 2.7 Armour
 - Level 2.4 Dodging


You had 3 spell levels left.
You didn't know any spells.
Your spell library was empty.

Dungeon Overview and Level Annotations

Branches:
Dungeon (3/15)

Altars:
Kikubaaqudgha
Qazlal

Annotations:
D:2 Sigmund
D:3 2 transporters, luigi's ghost, amateur DsHu


Innate Abilities, Weirdness & Mutations

You have a pair of horns on your head.
You reflexively headbutt those who attack you in melee.


Message History

The endoplasm freezes you.
You are frozen.
The endoplasm hits the fungus.
The fungus begins to die.
The endoplasm closely misses you.
The endoplasm hits the fungus.
The fungus begins to die.
The endoplasm hits the fungus.
The fungus begins to die.
The endoplasm attacks as you move away!
The endoplasm hits you but does no damage.
The endoplasm hits the fungus.
The endoplasm hits you but does no damage.
The endoplasm hits the fungus.
The fungus begins to die.
There is an open door here.
You barely miss the endoplasm. You hit the endoplasm.
You kill the endoplasm!
Trog accepts your kill.
A nearby fungus withers and dies. x2; The endoplasm hits the fungus.
The fungus begins to die.
The endoplasm freezes you.
You are frozen.
The endoplasm hits the fungus.
The jelly attacks as you move away! The jelly barely misses you.
A nearby fungus withers and dies.
The endoplasm hits the fungus. x2
Things that are here:
a +0 short sword; a stone You hit the endoplasm.
You kill the endoplasm!
Trog accepts your kill.
You slash the jelly! The acid corrodes you!
Your hands burn!
Your headbutt misses the jelly.
The jelly is heavily wounded.
The jelly hits you. The acid corrodes you!
You are splashed with acid!
You hit the jelly but do no damage.
Your hands burn!
The jelly is heavily wounded.
The jelly hits you.
You are splashed with acid!
* * * LOW HITPOINT WARNING * * *
Unknown command.
You hit the jelly.
Your hands burn!
* * * LOW HITPOINT WARNING * * *
The jelly is heavily wounded.
The jelly barely misses you.
You hit the jelly but do no damage. The acid corrodes you!
Your hands burn!
You die...

.#.#.#.....###########
#...######
.#.#.###.#.##.P......[
#.##......
...#.###...##.....P÷..
#.##.#.#.#
####.##....##....÷...÷
#.#.......
##.......##÷..J.....
#.##.#.#.#
#.....#..##..JPJ..P.
#.#..†.)..
#...#....##...PJPJ÷.
#..#.#.#.#
#......#.###J#######
#......... #........#
##J@....######.#.#.#
#....##### ########.#
#....... ##......#
#....'..## ##.#.#.#
#.<..### #....####
#....... #....#
#.......# ##.#.#.#
#...## #.......#
#....... #...#
#.......# #.......
##### #.......#
##...... ##..)).##
#......


You could see a jelly and an endoplasm.

Vanquished Creatures
  An adder (D:3)
  A dart slug (D:1)
  10 bats
  8 endoplasms
  2 giant cockroaches (D:1)
  2 goblins
  5 hobgoblins
  2 jackals (D:1)
  5 quokkas
  5 ball pythons
  A frilled lizard (D:1)
  12 kobolds
  7 rats
61 creatures vanquished.

Vanquished Creatures (others)
  7 fungi (D:3)
  4 toadstools (D:3)
11 creatures vanquished.

Grand Total: 72 creatures vanquished

Notes
Turn   | Place    | Note
-------+----------+-------------------------------------------
     0 | D:1      | nooxmaroon the Minotaur Berserker began the quest for the
                  | Orb.
     0 | D:1      | Reached XP level 1. HP: 19/19 MP: 0/0
    65 | D:1      | Reached XP level 2. HP: 23/27 MP: 1/1
   110 | D:1      | Reached skill level 4 in Axes
   219 | D:1      | Reached ** piety under Trog
   381 | D:1      | Reached XP level 3. HP: 31/33 MP: 2/2
   888 | D:2      | Reached skill level 5 in Axes
   938 | D:2      | Noticed Sigmund
  1106 | D:3      | Found an ancient bone altar of Kikubaaqudgha.
  1341 | D:3      | Noticed a water elemental
  1344 | D:3      | Found a stormy altar of Qazlal.
  1348 | D:3      | Noticed an air elemental
  1348 | D:3      | Noticed an earth elemental
  1348 | D:3      | Noticed a fire elemental
  1473 | D:3      | Noticed luigi's ghost (amateur DsHu)
  1474 | D:3      | Found a transporter.
  1474 | D:3      | Noticed an ogre
  1481 | D:3      | Found a transporter.
  1684 | D:3      | Reached XP level 4. HP: 40/40 MP: 3/3
  1865 | D:3      | Splashed by a jelly's acid

Illustrated notes

Levels and vault maps discovered:
D:1:      psy_arrival_whirlpool, layout_rooms, hex_intersection
D:2:      layout_basic, minmay_cupped, uniq_jessica, uniq_sigmund
D:3:      cheibrodos_fertilizer, layout_basic, mainiacjoe_overflow_24_doors,
          nicolae_qazlal_style_of_elements, gammafunk_ghost_smash, st_stairs_11

Skill      XL: |  1  2  3 |
---------------+----------+-----
Axes           | 4 5 |  5.7
Fighting       | |  3.8
Armour         | |  2.7
Dodging        | |  2.4

Action                     |  1- 3 |  4- 6 || total
---------------------------+-------+-------++-------
  Melee: Hand axe          |   108 |    22 ||   130
         Headbutt          |    17 |     4 ||    21
  Throw: Dart              |     1 |       ||     1
    Use: Scroll            |     3 |       ||     3
 Armour: Animal skin       |    20 |       ||    20
         Scale mail        |     1 |    16 ||    17
  Dodge: Dodged            |    67 |    13 ||    80

Table legend: (Time is in decaauts)
 A = Elapsed time spent in this place.
 B = Non-inter-level travel time spent in this place.
 C = Inter-level travel time spent in this place.
 D = Time resting spent in this place.
 E = Time spent auto-exploring this place.
 F = Levels seen in this place.
 G = Mean time per level.
                   A        B        C        D        E       F      G
               +--------+--------+--------+--------+--------+-----+--------+
         Total |   1873 |   1843 |     30 |    279 |    578 |   3 |  624.3 |
       Dungeon |   1873 |   1843 |     30 |    279 |    578 |   3 |  624.3 |
               +--------+--------+--------+--------+--------+-----+--------+

Top non-repeatable levels by time:
     D:3: 898 daAuts
     D:1: 750 daAuts
     D:2: 224 daAuts
